 Dungeon Crawl Stone Soup version 0.30.1-11-g7821555f0a (webtiles) character file.

Game seed: 3687533928626288210

15937 Queen the Grappler (level 12, -16/124 HPs)
             Began as a Pale Draconian Transmuter on Nov 11, 2023.
             Was a Priest of Wu Jian.
             Killed from afar by a lindwurm (31 damage)
             ... with a blast of flame
             ... on level 5 of the Lair of Beasts.
             The game lasted 01:21:45 (13831 turns).

Queen the Grappler (Pale Draconian Transmuter)     Turns: 13831, Time: 01:21:46

Health: -16/124    AC:  7    Str: 13    XL:     12   Next: 5%
Magic:  20/20      EV: 12    Int: 18    God:    Wu Jian [***...]
Gold:   530        SH:  0    Dex: 12    Spells: 6/22 levels left

rFire   x .          .
                       - Unarmed
rCold   + + +        (shield currently unavailable)
rNeg    . . .        (body armour unavailable)
rPois   +            (helmet currently unavailable)
rElec   .            r - melded +0 cloak
rCorr   .            E - melded +0 pair of gloves
SInv    .            u - melded +1 pair of boots
Will    .....        B - amulet of magic regeneration
Stlth   +            c - ring of protection from cold
HPRegen 0.40/turn    (no ring)
MPRegen 0.57/turn

%: random rage (3%)
@: ice-form, unable to read
A: freezing attack, amphibious, boosted hp, (breathe steam), AC +8, large,
unfitting armour, (cold-blooded), (steam resistance), berserk 1, inability to
read after injury 1
a: End Transformation, Renounce Religion, Wall Jump, Serpent's Lash


You were on level 5 of the Lair of Beasts.
You worshipped Wu Jian.
Wu Jian was most pleased with you.
You were a creature of crystalline ice.
You visited 2 branches of the dungeon, and saw 13 of its levels.
You also visited: Bailey.

You collected 800 gold pieces.
You spent 270 gold pieces at shops.

Inventory:

Missiles
 j - 4 datura-tipped darts
 H - 16 curare-tipped darts
 I - 4 atropa-tipped darts
 J - 19 poisoned darts
Armour
 r - a +0 cloak (melded)
 u - a +1 pair of boots (melded)
 E - a +0 pair of gloves (melded)
Jewellery
 c - a ring of protection from cold (left front paw)
 s - a ring of ice
 B - an amulet of magic regeneration (around neck)
Wands
 m - a wand of flame (39)
 v - a wand of roots (5)
 G - a wand of mindburst (4)
 L - a wand of paralysis (4)
Scrolls
 a - a scroll of enchant weapon {unknown}
 f - a scroll of poison {unknown}
 g - a scroll of noise {unknown}
 h - a scroll of magic mapping {unknown}
 i - 5 scrolls of teleportation
 o - 2 scrolls of immolation
 p - 2 scrolls of amnesia {unknown}
 t - 2 scrolls of fog {unknown}
 w - 2 scrolls of blinking {unknown}
 y - 3 scrolls of enchant armour
 z - a scroll of acquirement {unknown}
 C - a scroll of torment {unknown}
 F - a scroll of summoning {unknown}
 K - a scroll of brand weapon {unknown}
Potions
 b - 3 potions of magic
 d - a potion of invisibility {unknown}
 e - 2 potions of flight
 k - 2 potions of might
 l - 3 potions of curing
 n - 6 potions of attraction
 q - 3 potions of heal wounds
 x - a potion of brilliance {unknown}
 A - 3 potions of mutation
 D - a potion of lignification
 M - a potion of resistance {unknown}


   Skills:
 + Level 9.3 Fighting
 + Level 8.0 Dodging
 + Level 11.4 Unarmed Combat
 + Level 5.6 Spellcasting
 + Level 8.2 Transmutations
 - Level 2.0 Ice Magic
 * Level 5.3 Earth Magic


You had 6 spell levels left.
You knew the following spells:

 Your Spells              Type           Power      Damage    Failure   Level
a - Beastly Appendage     Tmut           68%        N/A       1%          1
b - Wereblood             Tmut           34%        N/A       1%          2
c - Spider Form           Tmut/Pois      19%        N/A       7%          3
d - Ice Form              Ice/Tmut       23%        N/A       16%         4
e - Statue Form           Tmut/Erth      19%        N/A       75%         6

Your spell library contained the following spells:

 Spells                   Type           Power      Damage    Failure   Level
 Petrify                  Tmut/Erth      29%        N/A       8%          4
 Shock                    Conj/Air       20%        1d4       13%         1
 Slow                     Hex            20%        N/A       13%         1
 Summon Small Mammal      Summ           20%        N/A       13%         1
 Sublimation of Blood     Necr           5%         N/A       19%         2
 Call Canine Familiar     Summ           5%         N/A       36%         3
 Confusing Touch          Hex            5%         N/A       36%         3
 Summon Guardian Golem    Hex/Summ       5%         N/A       36%         3
 Swiftness                Air            5%         N/A       36%         3
 Vampiric Draining        Necr           5%         2d6       36%         3
 Irradiate                Conj/Tmut      9%         3d14      54%         5
 Airstrike                Air            2%         2d(1-17)  77%         4
 Metabolic Englaciation   Hex/Ice        4%         N/A       93%         5


Dungeon Overview and Level Annotations

Branches:
Dungeon (9/15)             Temple (0/1) D:6            Lair (3/5) D:9
  Snake (0/4) Lair:2       Bailey (visited)
  Swamp: Lair:2-3    Shoals: Lair:2-3       Orc: D:9-12

Altars:
Elyvilon
Gozag
Okawaru
Uskayaw
Wu Jian
The Shining One

Shops:
D:4 [=

Annotations:
D:4 3 runed translucent doors, zxspectator's ghost, novice GrFi
Lair:2 Amaemon


Innate Abilities, Weirdness & Mutations

You are a creature of crystalline ice.
You have a powerful freezing melee attack.
You are amphibious.
Your maximum health is increased.
Your armour is entirely melded.
You are incapable of wielding weapons or throwing items.
((You can breathe blasts of scalding, opaque steam.))
((Your pale cyan-grey scales are hard. (AC +8)))
You cannot fit into any form of body armour.
((You are cold-blooded and may be slowed by cold attacks.))
((You are immune to the effects of steam.))
You sometimes lose your temper in combat.
You occasionally lose the ability to read scrolls when taking damage.


Message History

The dream sheep misses you.
The dream sheep ruffle their wool and motes of dream dust sparkle, to no effect.
Your Dodging skill increases to level 8!
As you read the scroll of teleportation, it crumbles to dust.
You feel strangely unstable.
The dream sheep bleats!
You hear an angry hiss.
A cane toad comes into view.
The dream sheep bites you.
The cane toad gives a loud, deep croak!
You hit the dream sheep but do no damage.
You hear an angry growl.
The black mamba bites you!
* * * LOW HITPOINT WARNING * * *
The dream sheep bites something!
The dream sheep bites you but does no damage.
A dream sheep comes into view.
The dream sheep ruffle their wool and motes of dream dust sparkle, to no effect.
You pummel the black mamba!! You freeze the black mamba.
The black mamba is severely wounded.
The black mamba bites you.
* * * LOW HITPOINT WARNING * * *
You hit the black mamba.
The black mamba seems to slow down.
You freeze the black mamba.
The black mamba is almost dead.
The dream sheep bites something!
The dream sheep shake their wool and sparkle.
You feel drowsy...
You fall asleep.
The dream sheep bites something.
The black mamba bites you!!
You wake up.
You feel threatened and lose the ability to read scrolls!
* * * LOW HITPOINT WARNING * * *
You punch the black mamba!
The black mamba seems to slow down.
You freeze the black mamba.
You kill the black mamba!
The Council accepts your kill.
Your surroundings suddenly seem different.
A komodo dragon, a polar bear, an eight-headed hydra and a lindwurm come into view.
The komodo dragon hisses angrily.
The eight-headed hydra roars!
The lindwurm breathes flames at you. The blast of flame hits you!!
The fire burns you terribly!
You die...

......#.###.#
.......#.# ###
..#
.....#.##...##
#..## ..l##..
##.## ## ..P.##
.......#
....##P##l..P..
...P...#
#............
........
..P......#
.......
###P.....##
.....P
#....Y..h.#
.#.#
...........#..#
..#
#####...#.#....
.#.#
##......... .#
# #D.. .k. .
..# ...#..##..
.## #.##. . .
.# .. ..## .#


You could see an eight-headed hydra, a lindwurm (catching breath), a polar bear
and a komodo dragon.

Vanquished Creatures
  A skyshark (Lair:2)
  An orc knight (Bailey)
  6 elephants (Lair:2)
  3 black mambas
  Joseph (D:8)
  An orange demon (Lair:2)
  7 cane toads
  Maggie (Lair:2)
  3 komodo dragons
  A rime drake (Lair:3)
  A polar bear (Lair:3)
  A troll (D:9)
  A hornet (D:9)
  A dream sheep (Lair:5)
  A blink frog (Lair:3)
  2 wraiths
  15 yaks
  A steam dragon (D:8)
  4 nagas (Lair:2)
  5 water moccasins
  8 orc warriors
  A sky beast (D:6)
  An ogre (D:5)
  6 wolves (Lair:3)
  A centaur (D:5)
  A phantom (D:5)
  7 kobold brigands (Bailey)
  5 bullfrogs
  A gnoll sergeant (D:9)
  5 scorpions
  3 howler monkeys
  A jelly (D:8)
  2 hounds
  6 orc priests
  2 gnoll boudas
  3 iguanas
  9 orc wizards
  16 gnolls
  8 adders
  A river rat (Lair:3)
  2 worms (D:2)
  5 dart slugs
  30 orcs
  10 ball pythons
  9 endoplasms
  3 giant cockroaches
  8 goblins
  13 hobgoblins
  4 jackals (D:1)
  6 quokkas
  4 bats
  2 frilled lizards
  16 kobolds
  3 rats
  A butterfly (Lair:1)
260 creatures vanquished.

Notes
Turn   | Place    | Note
-------+----------+-------------------------------------------
     0 | D:1      | Queen the Draconian Transmuter began the quest for the Orb.
     0 | D:1      | Reached XP level 1. HP: 16/16 MP: 3/3
   189 | D:1      | Reached XP level 2. HP: 23/23 MP: 3/5
   461 | D:1      | Reached XP level 3. HP: 17/29 MP: 4/6
   669 | D:1      | Learned a level 2 spell: Wereblood
  1149 | D:2      | Reached XP level 4. HP: 36/36 MP: 5/7
  2167 | D:3      | Found an iron altar of Okawaru.
  2286 | D:3      | Learned a level 3 spell: Spider Form
  2485 | D:3      | Reached XP level 5. HP: 29/42 MP: 7/9
  3195 | D:4      | Found Juubralu's Jewellery Boutique.
  3495 | D:4      | Found a runed translucent gate.
  3495 | D:4      | Found a runed translucent gate.
  3495 | D:4      | Found a runed translucent gate.
  3496 | D:4      | Noticed zxspectator's ghost (novice GrFi)
  3545 | D:4      | Reached skill level 4 in Unarmed Combat
  3632 | D:4      | Found Ibrank's Antique Armour Emporium.
  3792 | D:4      | Reached XP level 6. HP: 29/51 MP: 10/10
  4247 | D:5      | Entered Level 5 of the Dungeon
  4360 | D:4      | Bought a cloak for 135 gold pieces
  4644 | D:5      | Your scales start taking on a pale cyan-grey colour.
  4644 | D:5      | Reached XP level 7. HP: 52/59 MP: 11/11
  4644 | D:5      | Gained mutation: You are immune to the effects of steam.
                  | [Pale Draconian growth]
  4776 | D:5      | Reached skill level 5 in Unarmed Combat
  5179 | D:5      | Found a glowing golden altar of the Shining One.
  5179 | D:5      | Found an ornate altar of the Wu Jian Council.
  5180 | D:5      | Found a hide-covered altar of Uskayaw.
  5188 | D:5      | Became a worshipper of the Wu Jian Council
  5667 | D:6      | Reached XP level 8. HP: 62/67 MP: 12/12
  5716 | D:6      | Found a staircase to the Ecumenical Temple.
  5778 | D:6      | Found a white marble altar of Elyvilon.
  5919 | D:7      | Reached skill level 5 in Fighting
  5919 | D:7      | Reached skill level 6 in Unarmed Combat
  5998 | D:7      | Found an opulent altar of Gozag.
  6557 | D:4      | Bought a pair of gloves for 135 gold pieces
  6867 | D:7      | Reached skill level 7 in Unarmed Combat
  6928 | D:8      | Reached skill level 5 in Dodging
  6950 | D:8      | Learned a level 4 spell: Ice Form
  6988 | D:8      | Reached * piety under Wu Jian
  7028 | D:8      | Noticed Joseph
  7245 | D:8      | Reached XP level 9. HP: 73/75 MP: 14/14
  7290 | D:8      | Killed Joseph
  7291 | D:8      | Reached skill level 5 in Transmutations
  7547 | D:8      | Reached skill level 8 in Unarmed Combat
  8305 | D:9      | Found a staircase to the Lair.
  8496 | D:9      | Noticed a troll
  8515 | D:9      | Killed a troll
  8545 | D:8      | Reached skill level 9 in Unarmed Combat
  8629 | D:9      | Found a flagged portal.
  8634 | Bailey   | Entered a bailey
  8764 | Bailey   | Reached ** piety under Wu Jian
  8781 | Bailey   | Reached XP level 10. HP: 86/86 MP: 16/16
  8931 | Bailey   | Noticed an orc knight
  8941 | Bailey   | Killed an orc knight
  9225 | Bailey   | Found a burning altar of Makhleb.
  9447 | D:9      | Reached skill level 10 in Unarmed Combat
  9672 | D:9      | Learned a level 6 spell: Statue Form
 10132 | D:9      | Found a staircase to the Lair.
 10441 | Lair:1   | Entered Level 1 of the Lair of Beasts
 10443 | Lair:1   | Noticed a black mamba
 10450 | Lair:1   | Killed a black mamba
 10610 | Lair:1   | Reached skill level 1 in Earth Magic
 10632 | Lair:1   | Noticed a cane toad
 10639 | Lair:1   | Killed a cane toad
 10710 | Lair:1   | Noticed a cane toad
 10718 | Lair:1   | Killed a cane toad
 10882 | Lair:1   | Noticed a cane toad
 10891 | Lair:1   | Killed a cane toad
 10892 | Lair:1   | Reached XP level 11. HP: 95/95 MP: 17/17
 11453 | Lair:2   | Reached skill level 1 in Ice Magic
 11569 | Lair:2   | Noticed Maggie
 11575 | Lair:2   | Found a staircase to the Snake Pit.
 11587 | Lair:2   | Killed Maggie
 11588 | Lair:2   | HP: 2/95 [constriction (4)]
 11886 | Lair:2   | Reached skill level 11 in Unarmed Combat
 12043 | Lair:2   | Noticed Amaemon
 12109 | Lair:2   | Reached *** piety under Wu Jian
 12110 | Lair:2   | Reached skill level 5 in Spellcasting
 12487 | Lair:2   | Noticed a skyshark
 12504 | Lair:2   | Killed a skyshark
 13588 | Lair:3   | Reached skill level 5 in Earth Magic
 13748 | Lair:3   | Reached XP level 12. HP: 64/104 MP: 20/20
 13803 | Lair:3   | You fall into a shaft and drop 2 floors!
 13803 | Lair:5   | Entered Level 5 of the Lair of Beasts
 13803 | Lair:5   | Noticed a four-headed hydra
 13809 | Lair:5   | Gained mutation: You sometimes lose your temper in combat.
                  | [potion of mutation]
 13809 | Lair:5   | Gained mutation: You occasionally lose the ability to read
                  | scrolls when taking damage. [potion of mutation]
 13831 | Lair:5   | Noticed an eight-headed hydra
 13831 | Lair:5   | Killed from afar by a lindwurm

Illustrated notes

Levels and vault maps discovered:
D:1:      dpeg_arrival_rooms_with_view, layout_basic, amcnicky_mini_pool_small
D:2:      layout_basic
D:3:      layout_basic, lemuel_coloured_pillars_altar, serial_bayou_ford_a
D:4:      layout_cave_pods, gammafunk_ghost_necromancy, serial_shops,
          nicolae_shop_tiny_real_fake_doors, shop
D:5:      layout_cave_pods, gammafunk_temple_overflow_claw, grunt_ministairs_2
D:6:      layout_rooms, mainiacjoe_overflow_alcove_4,
          minmay_temple_entry_enclosed_plants
D:7:      layout_rooms, mainiacjoe_overflow_chevrons
D:8:      layout_cave_pools, nicolae_elevator_lobby_plus, uniq_joseph
D:9:      layout_cave_pools, dpeg_oklobed_lair, enter_bailey_3
Lair:1:   layout_hall_layers, lemuel_fruit_fields, lemuel_fruit_tree
Lair:2:   layout_small_grid, minmay_snake_entry_guardpost_small,
          pdpol_lair_neglected_garden, nicolae_quartered_pool_impasse,
          minivault_24, uniq_amaemon, uniq_maggie
Lair:3:   layout_gridlike, elwin_shoals_entry_rooms,
          nicolae_volcano_entry_lava_flow, grunt_forest_stairs_basic,
          chequers_serial_rivers_marsh, pond, serial_bayou_shore_a
Lair:5:   minmay_lair_end_enchanted_forest, layout_loops_ring,
          dpeg_slime_entry_enclosed, uniq_sonja

Skill      XL: |  1  2  3  4  5  6  7  8  9 10 11 12 |
---------------+-------------------------------------+-----
Dodging        | 2 3 4 5 6 7 8 |  8.0
Fighting       | 2 3 4 5 7 8 9 |  9.3
Transmutations | 3 4 6 7 8 |  8.2
Spellcasting   | 3 4 5 |  5.6
Unarmed Combat | 4 5 7 9 10 11 | 11.4
Earth Magic    | 1 5 |  5.3
Ice Magic      | 2 |  2.0

Action                     |  1- 3 |  4- 6 |  7- 9 | 10-12 || total
---------------------------+-------+-------+-------+-------++-------
  Melee: Unarmed           |   108 |   165 |   224 |   305 ||   802
         Headbutt          |     8 |    24 |    29 |     4 ||    65
         Kick              |    11 |    34 |    61 |    13 ||   119
         Tailslap          |    12 |    20 |    21 |    11 ||    64
         Punch             |       |     3 |     5 |     4 ||    12
   Cast: Beastly Appendage |    17 |    40 |    46 |    11 ||   114
         Spider Form       |       |     1 |     5 |     2 ||     8
         Wereblood         |       |       |     2 |     2 ||     4
         Ice Form          |       |       |       |    23 ||    23
 Invoke: Serpent's Lash    |       |       |       |     1 ||     1
Ability: Breathe Steam     |       |       |    39 |    11 ||    50
         Lunge             |       |       |     8 |    20 ||    28
         Whirlwind         |       |       |     4 |    15 ||    19
         End Transformatio |       |       |       |     1 ||     1
         Wall Jump         |       |       |       |     1 ||     1
    Use: Potion            |     1 |     2 |     3 |     7 ||    13
         Scroll            |       |     6 |       |    10 ||    16
   Stab: Sleeping          |     1 |       |       |       ||     1
 Armour: Skin              |    22 |    50 |    73 |    53 ||   198
  Dodge: Dodged            |    62 |    81 |   127 |   155 ||   425
